 Zot Defence DCSS version 0.15.2 (webtiles) character file.

3343 Jannitor the Cleaver (level 10, 5/19 (91) HPs)
             Began as a Hill Orc Fighter on Oct 25, 2017.
             Was an Initiate of Beogh.
             Quit the game in the Realm of Zot (Scenario I: Hall of Zot).
             The game lasted 00:09:37 (1624 turns).

Jannitor the Cleaver (Hill Orc Fighter)             Turns: 1624, Time: 00:09:37

HP   5/19 (91)   AC  8     Str 23      XL: 10   Next:  2%
MP  10/10        EV  8     Int  8      God: Beogh [......]
Gold 0           SH 11     Dex 10      Spells:  0 memorised,  9 levels left

rFire  . . .     SeeInvis .     a - +0 war axe (curse)
rCold  . . .     Clarity  .     b - +0 scale mail (curse)
rNeg   . . .     rCorr    .     c - +0 shield
rPois  .         rRot     .     (no helmet)
rElec  .         Spirit   .     (no cloak)
SustAb .         Warding  .     (no gloves)
rMut   .         Stasis   .     (no boots)
Gourm  .                        (no amulet)
MR     .....                    (no ring)
                                (no ring)

@: not resistant to hostile enchantments, extremely unstealthy
A: no striking features
a: Make oklob sapling, Make arrow trap, Make plant, Remove Curse, Make burning
bush, Make altar, Make grenades, Make oklob plant, Make net trap, Make ice
statue, Make spear trap, Renounce Religion


You were in the Realm of Zot.
You worshipped Beogh.
Beogh was noncommittal.
You were not hungry.

You visited 1 branch

Inventory:

Hand weapons
 a - a cursed +0 war axe (weapon)
 g - a +0 battleaxe
Armour
 b - a cursed +0 scale mail (worn)
 c - a +0 shield (worn)
Comestibles
 f - a meat ration
Scrolls
 k - a scroll of blinking
Potions
 e - a potion of might
 h - a potion of haste
 i - 2 potions of magic


   Skills:
 + Level 9.1 Fighting
 + Level 9.4 Axes
 + Level 8.2 Armour
 + Level 8.4 Shields


You had 9 spell levels left.
You didn't know any spells.

Dungeon Overview and Level Annotations

Branches:
    Zot (1/1)

Altars:
Beogh


Message History

The quasit bites your oklob sapling but does no damage.
The quasit claws your oklob sapling but does no damage. x2
The quasit bites your oklob sapling but does no damage.
The quasit claws your oklob sapling but does no damage.
The quasit claws your oklob sapling.
Unknown command.
The quasit bites your oklob sapling but does no damage.
The quasit claws your oklob sapling but does no damage. x2
A rat comes into view.
Unknown command.
The quasit bites your oklob sapling but does no damage.
The quasit claws your oklob sapling but does no damage. x2
An arrow misses the rat!
Unknown command.
The quasit bites your oklob sapling but does no damage.
The quasit claws your oklob sapling but does no damage.
The quasit claws your oklob sapling.
The quasit bites your oklob sapling but does no damage.
The quasit claws your oklob sapling but does no damage. x2
Are you sure you want to abandon this character and quit the game? (Confirm with "yes".)

▓▓▓▓▓▓▓▓ ▓▓▓▓▓▓▓▓ ....▓▓▓▓
▓▓▓▓.... .......▓▓▓ ▓▓▓.......
.........▓▓ ▓▓.........
..........▓ ▓▓▓▓▓▓▓▓▓ ▓..........
..........▓▓▓.......▓▓▓..........
..........▓▓PPPP5....▓▓..........
........PP▓P)..).[..).▓..........
.........P^rP)()@)J.)))..........
........P)▓PP.....)..)▓)%........
..........▓▓...)....P▓▓.)........
..........▓▓▓.......▓▓▓..........
..........# ▓▓▓▓▓▓▓▓▓ #..........
.........## ##.........
.......### ###....... ....####
####.... ######### #########


You could see an ooze, a quasit, a rat, a friendly oklob plant and 3 friendly
oklob saplings.

Vanquished Creatures
  A bog body (Zot)
  A hippogriff (Zot)
  A hell hound (Zot)
  An orc warrior (Zot)
  2 iguanas (Zot)
  A worker ant (Zot)
  A mummy (Zot)
  A green rat (Zot)
  3 adders (Zot)
  5 oozes (Zot)
  A kobold (Zot)
  A quokka (Zot)
  3 bats (Zot)
  4 giant newts (Zot)
  3 goblins (Zot)
  3 rats (Zot)
32 creatures vanquished.

Vanquished Creatures (collateral kills)
  A deep elf fighter (Zot)
  A wolf (Zot)
  Menkaure (Zot)
  A centaur (Zot)
  An orc warrior (Zot)
  2 giant frogs (Zot)
  Blork the orc (Zot)
  An insubstantial wisp (Zot)
  8 hounds (Zot)
  3 orc wizards (Zot)
  5 iguanas (Zot)
  A sheep (Zot)
  A killer bee zombie (Zot)
  8 adders (Zot)
  2 gnolls (Zot)
  2 green rats (Zot)
  2 giant mites (Zot)
  2 worms (Zot)
  2 oozes (Zot)
  11 orcs (Zot)
  5 bats (Zot)
  16 goblins (Zot)
  8 hobgoblins (Zot)
  17 jackals (Zot)
  8 quokkas (Zot)
  3 ball pythons (Zot)
  3 giant cockroaches (Zot)
  4 giant newts (Zot)
  7 kobolds (Zot)
  2 rats (Zot)
129 creatures vanquished.

Vanquished Creatures (others)
  An oklob plant (Zot)
  3 burning bushes (Zot)
  A merfolk (Zot)
  A boggart (Zot)
  4 oklob saplings (Zot)
  A gnoll (Zot)
  A quokka (Zot)
  A giant newt (Zot)
  3 goblins (Zot)
  A rat (Zot)
  5 plants (Zot)
22 creatures vanquished.

Grand Total: 183 creatures vanquished

Notes
Turn   | Place    | Note
--------------------------------------------------------------
     0 | Zot      | Jannitor, the Hill Orc Fighter, began the quest for the Orb.
     0 | Zot      | Reached XP level 1. HP: 19/19 MP: 1/1
   211 | Zot      | Reached XP level 2. HP: 24/27 MP: 2/2
   222 | Zot      | Reached skill level 4 in Fighting
   236 | Zot      | Noticed Xarah
   254 | Zot      | Reached XP level 3. HP: 19/33 MP: 3/3
   254 | Zot      | Killed Xarah the worker ant
   254 | Zot      | Reached XP level 4. HP: 22/41 MP: 4/4
   376 | Zot      | Reached XP level 5. HP: 33/47 MP: 5/5
   531 | Zot      | Reached skill level 5 in Fighting
   531 | Zot      | Reached XP level 6. HP: 46/56 MP: 6/6
   537 | Zot      | Noticed Roni
   541 | Zot      | Became a worshipper of Beogh the Brigand
   549 | Zot      | Killed Roni the hippogriff
   549 | Zot      | Reached skill level 6 in Fighting
   549 | Zot      | Reached skill level 5 in Axes
   549 | Zot      | Reached skill level 5 in Armour
   549 | Zot      | Reached skill level 5 in Shields
   549 | Zot      | Reached XP level 7. HP: 7/63 MP: 7/7
   627 | Zot      | Reached XP level 8. HP: 24/71 MP: 8/8
   737 | Zot      | Reached skill level 7 in Fighting
   849 | Zot      | Noticed Menkaure
   852 | Zot      | Killed Menkaure
  1131 | Zot      | Reached XP level 9. HP: 78/80 MP: 9/9
  1244 | Zot      | Reached skill level 8 in Axes
  1341 | Zot      | Noticed Blork the orc
  1346 | Zot      | Killed Blork the orc
  1511 | Zot      | Noticed an electric golem
  1516 | Zot      | Noticed a moth of wrath
  1518 | Zot      | Noticed a moth of wrath
  1553 | Zot      | HP: 1/51 [Bilacw the bog body (9)]
  1561 | Zot      | Reached skill level 9 in Axes
  1574 | Zot      | Reached XP level 10. HP: 3/19 MP: 10/10
  1624 | Zot      | Quit the game

Action                   |  1- 3 |  4- 6 |  7- 9 | 10-12 || total
-------------------------+-------+-------+-------+-------++-------
Melee: War axe           |    29 |    43 |    33 |     4 ||   109
 Abil: Make oklob saplin |     1 |     1 |     5 |       ||     7
       Make arrow trap   |       |     1 |       |       ||     1
       Make altar        |       |     1 |       |       ||     1
       Make burning bush |       |       |     3 |       ||     3
       Make plant        |       |       |    14 |       ||    14
       Make oklob plant  |       |       |     2 |       ||     2
  Use: Potion            |     2 |     2 |     1 |       ||     5
 Stab: Distracted        |     1 |       |     4 |       ||     5
